Map: 16-Bit LE

Players

Autumn

  • Race: Terran Terran
  • League: Diamond
  • Spawn Location: 1:00

A.I. 1 (Very Easy) - Winner!

  • Race: Protoss Protoss
  • Spawn Location: 7:00

VOD

Have the link to the VOD?

Description

Time

  • Played on: Aug. 10, 2018, 1:15 p.m.
  • Length: 5:23
Show
View Real Time Build Order
Export as new Build Order

Autumn Terran 

Build Orders: Reaper Expand 

Get SALT Encoding   

  6  0:00  SCV  
  13  0:12  SCV  
  14  0:19  Supply Depot  
  14  0:24  SCV  
  15  0:30  Refinery  
  15  0:41  SCV  
  16  0:47  Barracks  
  16  0:53  SCV  
  17  1:05  SCV  
  18  1:17  SCV  
  19  1:34  Orbital Command, Reaper  
  20  1:48  Command Center  
  20  1:59  SCV  
  21  2:03  Factory  
  21  2:08  Barracks Reactor  
  21  2:11  SCV  
  21  2:14  Refinery  
  22  2:20  Supply Depot  
  22  2:23  SCV  
  23  2:34  Barracks  
  23  2:42  SCV  
  24  2:45  Marine x2  
  24  2:47  Widow Mine  
  28  2:55  SCV  
  29  3:00  Orbital Command  
  29  3:03  Marine  
  30  3:06  Marine  
  30  3:09  SCV  
  32  3:18  Cyclone  
  35  3:22  Barracks Tech Lab  
  35  3:23  SCV  
  36  3:27  SCV  
  36  3:28  Marine  
  36  3:32  Marine  
  39  3:36  SCV  
  39  3:39  Supply Depot  
  40  3:44  Marine  
  40  3:47  Marine  
  42  3:49  SCV  
  42  3:52  SCV  
  42  3:53  Marine  
  45  4:01  Cyclone  
  48  4:05  Supply Depot  
  48  4:07  SCV  
  48  4:09  SCV  
  50  4:10  Marine  
  50  4:12  Marine  
  50  4:14  Marine  
  53  4:20  SCV  
  54  4:27  Supply Depot, SCV  
  54  4:28  Marine  
  56  4:34  Factory Reactor  
  56  4:36  Starport  
  56  4:37  SCV  
  57  4:42  SCV  
  57  4:45  Marine x2, Engineering Bay  
  60  4:51  Supply Depot  
  60  4:52  SCV  
  61  4:54  SCV  
  61  4:56  Marine  
  63  5:04  Marine x2, SCV  
  63  5:06  SCV  
  67  5:18  Supply Depot  
Show
View Real Time Build Order
Export as new Build Order

A.I. 1 (Very Easy) Protoss - Winner!

Build Orders:  

Get SALT Encoding   

  6  0:00  Probe  
  13  0:13  Probe  
  14  0:20  Pylon  
  14  0:39  Assimilator  
  14  0:44  Gateway  
  14  0:47  Pylon  
  14  1:17  Assimilator  
  14  1:18  Probe  
  15  1:27  Probe  
  16  1:35  Probe, Cybernetics Core  
  17  1:45  Probe  
  18  1:55  Probe  
  18  2:01  Warp Gate  
  19  2:03  Probe  
  20  2:12  Stalker  
Tags
 
League
Diamond
Matchup
PvT
Spawn Locations
Cross Positions
Add a new tag
Caveats
  • Supply blocks, unpowered buildings, or Contaminate may cause inaccurate times.
  • Supply counts are checked every 10 seconds.